 Dungeon Sprint DCSS version 0.29-a0-322-g68df515428 (webtiles) character file.

Game seed: 6545257382995866686

1816 mhtbhm the Carver (level 8, -18/83 HPs)
             Began as a White Draconian Berserker on Apr 9, 2022.
             Was a Priest of Trog.
             Killed from afar by a tengu conjurer (23 damage)
             ... with a bolt of lightning
             ... in the Dungeon (Sprint IX: "|||||||||||||||||||||||||||||").
             The game lasted 00:01:17 (434 turns).

mhtbhm the Carver (White Draconian Berserker)        Turns: 434, Time: 00:01:18

Health: -18/83     AC: 11    Str: 22    XL:     8   Next: 85%
Magic:  8/8        EV: 15    Int:  7    God:    Trog [***...]
Gold:   0          SH:  0    Dex: 11    Spells: 7/7 levels left

rFire   . . .      SeeInvis .   a - +2 scimitar (drain)
rCold   + . .      Faith    .   (no shield)
rNeg    . . .      Spirit   .   (body armour unavailable)
rPois   .          Reflect  .   (helmet restricted)
rElec   .          Harm     .   (no cloak)
rCorr   .          Rampage  .   j - +0 pair of gloves
Will    .....      NoTele   +   (no boots)
Stlth   +.........              (no amulet)
HPRegen 0.23/turn               k - +2 ring of protection
MPRegen 0.11/turn               l - +2 ring of protection

@: on berserk cooldown, slowed, very slow
A: breathe frost, AC +6, unfitting armour, cold resistance 1, cold-blooded
a: Breathe Frost, Renounce Religion, Berserk, Trog's Hand


You were in the Dungeon.
You worshipped Trog.
Trog was most pleased with you.
You visited 1 branch

Inventory:

Hand Weapons
 a - a +2 scimitar of draining (weapon)
Armour
 j - a +0 pair of gloves (worn)
Jewellery
 k - a +2 ring of protection (left hand)
 l - a +2 ring of protection (right hand)
Wands
 i - a wand of acid (10)
Scrolls
 g - a scroll of blinking
Potions
 b - 5 potions of curing
 c - 2 potions of heal wounds
 d - a potion of haste
 e - 4 potions of magic
 f - a potion of berserk rage
 h - a potion of invisibility


   Skills:
 + Level 12.3 Fighting
 + Level 13.4 Long Blades
 + Level 10.0 Dodging


You had 7 spell levels left.
You didn't know any spells.
Your spell library was empty.

Dungeon Overview and Level Annotations

Branches:
Dungeon (1/1)

Altars:
Cheibriados
Dithmenos
Elyvilon
Fedhas
Gozag
Hepliaklqana
Kikubaaqudgha
Makhleb
Nemelex Xobeh
Okawaru
Qazlal
Ru
Sif Muna
Trog
Uskayaw
Vehumet
Wu Jian
Xom
Yredelemnul
Zin
The Shining One
Beogh
Jiyva
Lugonu


Innate Abilities, Weirdness & Mutations

You can breathe waves of freezing cold which knock back foes.
Your icy white scales are hard. (AC +6)
You cannot fit into any form of body armour.
Your flesh is cold resistant. (rC+)
You are cold-blooded and may be slowed by cold attacks.


Message History

The tengu conjurer hits you but does no damage.
The tengu conjurer pecks you but does no damage.
The tengu conjurer completely misses you.
Unknown command.
Unknown command.
The tengu conjurer blocks your attack.
The tengu conjurer is almost dead.
The cyan ugly thing tail-slaps you. The cyan ugly thing shocks you!
* * * LOW HITPOINT WARNING * * *
The tengu conjurer hits you but does no damage.
The tengu conjurer closely misses you.
The tengu conjurer completely misses you.
Unknown command.
You feel much better. The tengu conjurer hits you.
The tengu conjurer closely misses you.
The tengu conjurer claws you but does no damage.
The cyan ugly thing tail-slaps you!
* * * LOW HITPOINT WARNING * * *
The cyan ugly thing shocks you!
* * * LOW HITPOINT WARNING * * *
The tengu conjurer barely misses you. The tengu conjurer pecks you.
* * * LOW HITPOINT WARNING * * *
The tengu conjurer barely misses you.
The cyan ugly thing tail-slaps you but does no damage.
Blink to where?
Press: ? - help, Dir - move target
As you read the scroll of blinking, it crumbles to dust.
Okay, then.
You fail to use your ability.
Your ogre goes berserk!
You can no longer call in reinforcements.
The cyan ugly thing tail-slaps your ogre!
The cyan ugly thing shocks your ogre!
The tengu conjurer gestures at you while chanting.
The bolt of lightning hits the cyan ugly thing.
The cyan ugly thing resists.
The bolt of lightning hits your ogre!!
Your ogre dies!
Your ogre's corpse disappears in a puff of smoke!
The bolt of lightning hits you!!
You die...

▓.▓
▓e▓
▓'▓
▓*▓
▓Q▓
▓.▓
▓u▓
▓§▓
▓@▓
▓+▓


You could see a cyan ugly thing (unaware), a deep elf pyromancer, a tengu
conjurer (drained) and a battlesphere.

Vanquished Creatures
  A cyclops (D)
  A gargoyle (D)
  An unseen horror (D)
  2 trolls (D)
  A yak (D)
  An acid dragon (D)
  A centaur (D)
  A howler monkey (D)
  4 adders (D)
  A dart slug (D)
  3 ball pythons (D)
  A hobgoblin (D)
  A frilled lizard (D)
19 creatures vanquished.

Notes
Turn   | Place    | Note
-------+----------+-------------------------------------------
     0 | D        | mhtbhm the Draconian Berserker began the quest for the Orb.
     0 | D        | Reached XP level 1. HP: 19/19 MP: 1/1
    13 | D        | Reached ** piety under Trog
    95 | D        | Reached *** piety under Trog
    96 | D        | Reached skill level 4 in Long Blades
    96 | D        | Reached XP level 2. HP: 28/28 MP: 2/2
   101 | D        | Reached skill level 5 in Fighting
   101 | D        | Reached XP level 3. HP: 36/36 MP: 3/3
   104 | D        | Reached skill level 5 in Long Blades
   151 | D        | Found a snail-covered altar of Cheibriados.
   151 | D        | Found a shadowy altar of Dithmenos.
   151 | D        | Found a white marble altar of Elyvilon.
   151 | D        | Found a blossoming altar of Fedhas.
   151 | D        | Found an opulent altar of Gozag.
   152 | D        | Found a hazy altar of Hepliaklqana.
   153 | D        | Found a viscous altar of Jiyva.
   154 | D        | Found an ancient bone altar of Kikubaaqudgha.
   155 | D        | Found a corrupted altar of Lugonu.
   156 | D        | Found a burning altar of Makhleb.
   157 | D        | Found a sparkling altar of Nemelex Xobeh.
   158 | D        | Found an iron altar of Okawaru.
   159 | D        | Found a stormy altar of Qazlal.
   160 | D        | Found a sacrificial altar of Ru.
   161 | D        | Found a shimmering blue altar of Sif Muna.
   162 | D        | Found a bloodstained altar of Trog.
   163 | D        | Found a hide-covered altar of Uskayaw.
   164 | D        | Found a radiant altar of Vehumet.
   165 | D        | Found an ornate altar of the Wu Jian Council.
   166 | D        | Found a shimmering altar of Xom.
   167 | D        | Found a basalt altar of Yredelemnul.
   168 | D        | Found a glowing silver altar of Zin.
   169 | D        | Found a glowing golden altar of the Shining One.
   204 | D        | Noticed a troll
   204 | D        | Noticed a yak
   204 | D        | Noticed an acid dragon
   204 | D        | Noticed a troll
   204 | D        | Noticed a centaur
   211 | D        | Killed a troll
   211 | D        | Reached **** piety under Trog
   212 | D        | Reached skill level 8 in Long Blades
   212 | D        | Reached XP level 4. HP: 49/49 MP: 4/4
   212 | D        | Reached XP level 5. HP: 56/56 MP: 5/5
   212 | D        | Reached XP level 6. HP: 62/62 MP: 6/6
   280 | D        | Killed a yak
   281 | D        | Reached skill level 9 in Long Blades
   283 | D        | Killed an acid dragon
   284 | D        | Reached skill level 10 in Long Blades
   284 | D        | Your scales start taking on an icy white colour.
   284 | D        | Reached XP level 7. HP: 71/71 MP: 7/7
   284 | D        | Gained mutation: Your flesh is cold resistant. (rC+) [White
                  | Draconian growth]
   287 | D        | Killed a troll
   288 | D        | Reached skill level 10 in Fighting
   288 | D        | Reached skill level 11 in Long Blades
   291 | D        | Reached ***** piety under Trog
   400 | D        | Noticed a gargoyle
   400 | D        | Noticed a tengu conjurer
   400 | D        | Noticed a deep elf pyromancer
   400 | D        | Noticed a cyclops
   400 | D        | Noticed a cyan ugly thing
   410 | D        | Killed a gargoyle
   411 | D        | Reached skill level 12 in Long Blades
   411 | D        | Reached XP level 8. HP: 82/82 MP: 8/8
   415 | D        | Killed an unseen horror
   425 | D        | Killed a cyclops
   426 | D        | Reached skill level 13 in Long Blades
   426 | D        | Reached skill level 10 in Dodging
   431 | D        | HP: 4/83 [tengu conjurer (2)]
   434 | D        | Killed from afar by a tengu conjurer

Illustrated notes

Levels and vault maps discovered:
D:        linesprint [early_d, line_temple, items_1, d_10, items_2, lair_1,
          lair_end, items_3, orc_1, orc_end, items_4, d_15, swamp_1, shoals_1,
          snake_1, spider_1, d_20, vaults_1, items_5, swamp_end, shoals_end,
          snake_end, spider_end, vaults_end, d_27, items_6, zot_1, zot_end,
          crypt_end, forest_end, elf_end, slime_end, tomb_end, abyss_end,
          pan_hell_end]

Skill      XL: |  1  2  3  4  5  6  7  8 |
---------------+-------------------------+-----
Dodging        | 3 4 6 7 9 10 | 10.0
Fighting       | 4 5 8 9 11 12 | 12.3
Long Blades    | 4 8 10 12 13 | 13.4

Action                   |  1- 3 |  4- 6 |  7- 9 || total
-------------------------+-------+-------+-------++-------
Melee: Falchion          |    24 |       |       ||    24
       Tailslap          |     7 |     1 |     9 ||    17
       Punch             |     1 |       |       ||     1
       Scimitar          |     6 |     6 |    33 ||    45
Invok: Berserk           |     2 |     1 |     1 ||     4
       Brothers in Arms  |       |       |     2 ||     2
  Use: Scroll            |       |       |     1 ||     1
       Potion            |       |       |     1 ||     1
Armor: Skin              |     6 |       |    20 ||    26
Dodge: Dodged            |    24 |     2 |    24 ||    50

Table legend: (Time is in decaauts)
 A = Elapsed time spent in this place.
 B = Non-inter-level travel time spent in this place.
 C = Inter-level travel time spent in this place.
 D = Time resting spent in this place.
 E = Time spent auto-exploring this place.
 F = Levels seen in this place.
 G = Mean time per level.
                   A        B        C        D        E       F      G
               +--------+--------+--------+--------+--------+-----+--------+
         Total |    453 |    453 |      0 |    303 |      3 |   1 |  453.0 |
       Dungeon |    453 |    453 |      0 |    303 |      3 |   1 |  453.0 |
               +--------+--------+--------+--------+--------+-----+--------+

Top non-repeatable levels by time:
       D: 453 daAuts
